cohdb
Replays
Latest Replays
All Replays
Popular Replays
Top Player Replays
Match Explorer
How It Works
Community
CoH3 Stats
Reddit
Sign in to upload your games and track your stats! →
Sign in with Steam
Match 40605469
Unlisted
Match 40605469
Overview
Messages
Build Orders
End
Royal Engineer Section
Construct Section Command Post
Vickers Machine Gun Team
Construct Section Command Post
Infantry Section
Infantry Section
Construct Platoon Command Post
Humber Armored Car
Construct Field Infirmary
Infantry Section
6-pounder Anti-tank Gun Team
6-pounder Anti-tank Gun Team
Construct Company Command Post
Infantry Section
Matilda II Heavy Tank
Selects Canadian Shock Battlegroup
Selects Canadian Shock Battlegroup
Selects Incendiary Munitions
Selects Attacking Spirit
Selects Canadian Shock Section
Selects Pyrotechnics
Crusader II Medium Tank
Royal Engineer Section
6-pounder Anti-tank Gun Team
Selects Churchill Crocodile Heavy Tank
sharpshooter
MonikaのPants
Hareun
kilroy3128
0
0
Comments
sign in to comment!
No comments posted yet!